 Dungeon Sprint DCSS version 0.29.1-13-g9f3cf754e1 (webtiles) character file.

Game seed: 676728383163945609

4000000 sanboga the Merry Minotaur (level 20, -1/216 HPs)
             Began as a Minotaur Hunter on Jan 26, 2023.
             Was the Champion of Makhleb.
             Slain by The Servant
             ... wielding a +9 glaive of flaming
              (30 damage)
             ... in the Dungeon (Sprint VIII: "Arena of Blood").
             The game lasted 00:01:19 (40 turns).

sanboga the Merry Minotaur (Minotaur Hunter)          Turns: 40, Time: 00:01:20

Health: -1/216     AC:  6    Str: 16    XL:     20   Next: 25%
Magic:  6/45       EV: 35    Int:  6    God:    Makhleb [******]
Gold:   0          SH:  0    Dex: 23    Spells: 63/63 levels left

rFire   . . .      SeeInvis .   j - +∞ Axe of Woe
rCold   . . .      Faith    .   (shield currently unavailable)
rNeg    . . .      Spirit   .   c - +0 leather armour
rPois   .          Reflect  .   (helmet restricted)
rElec   .          Harm     .   (no cloak)
rCorr   .          Rampage  .   (no gloves)
Will    +....      NoTele   +   (no boots)
Stlth   ++++++++++              (no amulet)
HPRegen 0.46/turn               (no ring)
MPRegen 0.29/turn               (no ring)

@: no status effects
A: horns 2, retaliatory headbutt
a: Renounce Religion, Minor Destruction, Lesser Servant of Makhleb, Major
Destruction, Greater Servant of Makhleb


You were in the Dungeon.
You worshipped Makhleb.
Makhleb was exalted by your worship.
You visited 1 branch

Inventory:

Hand Weapons
 a - a +0 shortbow
 j - the +∞ Axe of Woe (weapon)
   (You found it in the Dungeon)
Armour
 c - a +0 leather armour (worn)
Scrolls
 b - a scroll of immolation
 i - a scroll of blinking
Potions
 d - a potion of curing
 f - a potion of haste
 g - 2 potions of magic
 h - a potion of berserk rage


   Skills:
 O Level 27 Fighting
 O Level 27 Axes
 O Level 27 Ranged Weapons
 O Level 27 Armour
 O Level 27 Dodging
 O Level 27 Stealth
 O Level 27 Unarmed Combat
 + Level 22.1 Spellcasting
 O Level 27 Invocations


You had 63 spell levels left.
You didn't know any spells.
Your spell library was empty.

Dungeon Overview and Level Annotations

Branches:
Dungeon (1/1)

Altars:
Makhleb

Annotations:
D The Servant


Innate Abilities, Weirdness & Mutations

You have a pair of horns on your head.
You reflexively headbutt those who attack you in melee.


Message History

The large bag of meat is engulfed in blazing flames.
The bag of meat is engulfed in blazing flames.
The meat berserker rages.
A large bag of meat comes into view. It is wielding a +9 giant spiked club.
You hear a shout!
You slice the large bag of meat!!
Flame seeps out of the large bag of meat.
You dissect the large bag of meat like a pig carcass.
Makhleb accepts your kill.
You feel better.
You slice the bag of meat like a ripe choko!!!
You dissect the bag of meat like a pig carcass.
You kill the bag of meat!
Makhleb accepts your kill.
You feel better.
The large bag of meat explodes!
The fiery explosion engulfs you!!
The fiery explosion engulfs the bag of meat!!!
You hear a shout! x10
You have mastered Stealth!
Your Spellcasting skill increases to level 22!
You slash the sculptor of flesh!
You butcher the sculptor of flesh messily.
You destroy the sculptor of flesh!
Makhleb accepts your kill.
You slice one of the eight-headed meat hydra's heads off!
The seven-headed meat hydra grows two more!
You cut the nine-headed meat hydra into ribbons!!!
You dissect the nine-headed meat hydra like a pig carcass.
You kill the nine-headed meat hydra!
Makhleb accepts your kill.
You feel better.
You hear a shout! x2
A bag of meat comes into view. It is wielding a +9 war axe.
The bag of meat is engulfed in blazing flames.
You hear a shout! x2
The Servant hits you from afar with a +9 glaive of flaming!!!!
* * * LOW HITPOINT WARNING * * *
The Servant burns you!!
You die...

. #_.<._#.......
....#.....#......#.
......._)☼°........
......###)§.......#
o###....)).###.....
#....o§)#.......
#.....§)#)......
........§§§..O...
.......V§@o°.#...
.......@§☼§§#....
...O.....z##.....
...O.o..#. ....#
°o.o..z.#. ###.
.#..o...... .......
.. .#..... ###


You could see The Servant, a destroyer, 2 sculptors of flesh, 2 large bags of
meat, a meat berserker (berserk) and 6 bags of meat.

Vanquished Creatures
  2 vampire knights (D)
  10 ogres (D)
  4 two-headed ogres (D)
  A hydra (D)
  24 orcs (D)
  A skeletal warrior (D)
42 creatures vanquished.

Notes
Turn   | Place    | Note
-------+----------+-------------------------------------------
     0 | D        | Found the +∞ Axe of Woe
     0 | D        | sanboga the Minotaur Hunter began the quest for the Orb.
     0 | D        | Reached XP level 1. HP: 18/18 MP: 0/0
     2 | D        | Noticed a bag of meat
     2 | D        | Noticed a bag of meat
     4 | D        | Became a worshipper of Makhleb the Destroyer
     4 | D        | Noticed a bag of meat
     5 | D        | Noticed a meat berserker
     5 | D        | Noticed a bag of meat
     6 | D        | Noticed a bag of meat
     7 | D        | Noticed a meat berserker
     8 | D        | Killed a meat berserker
     9 | D        | Reached skill level 15 in Ranged Weapons
     9 | D        | Reached skill level 10 in Dodging
     9 | D        | Reached skill level 10 in Unarmed Combat
     9 | D        | Reached XP level 2. HP: 41/41 MP: 0/8
     9 | D        | Reached XP level 3. HP: 48/48 MP: 0/10
     9 | D        | Reached XP level 4. HP: 56/56 MP: 0/11
     9 | D        | Reached XP level 5. HP: 62/62 MP: 0/13
     9 | D        | Reached XP level 6. HP: 70/70 MP: 0/14
     9 | D        | Reached XP level 7. HP: 75/75 MP: 0/16
     9 | D        | Reached XP level 8. HP: 83/83 MP: 0/17
     9 | D        | Reached XP level 9. HP: 90/90 MP: 0/18
     9 | D        | Reached XP level 10. HP: 97/97 MP: 0/19
     9 | D        | Reached XP level 11. HP: 104/104 MP: 0/20
     9 | D        | Killed a bag of meat
     9 | D        | Reached * piety under Makhleb
     9 | D        | Noticed a bag of meat
     9 | D        | Noticed a bag of meat
    10 | D        | Reached skill level 10 in Invocations
    10 | D        | Reached XP level 12. HP: 113/113 MP: 0/22
    10 | D        | Killed a bag of meat
    10 | D        | Killed a bag of meat
    10 | D        | Noticed a bag of meat
    10 | D        | Noticed a bag of meat
    10 | D        | Noticed a bag of meat
    10 | D        | Noticed a bag of meat
    11 | D        | Reached XP level 13. HP: 83/125 MP: 0/24
    11 | D        | Killed a meat berserker
    11 | D        | Reached ** piety under Makhleb
    11 | D        | Noticed a bag of meat
    11 | D        | Noticed a bag of meat
    12 | D        | Reached skill level 15 in Fighting
    12 | D        | Reached skill level 15 in Axes
    12 | D        | Reached skill level 15 in Armour
    12 | D        | Reached XP level 14. HP: 90/135 MP: 0/26
    12 | D        | Killed a bag of meat
    13 | D        | Noticed a bag of meat
    13 | D        | Noticed a bag of meat
    13 | D        | Noticed a bag of meat
    13 | D        | Noticed a bag of meat
    14 | D        | Killed a bag of meat
    15 | D        | Reached skill level 15 in Dodging
    15 | D        | Reached skill level 15 in Unarmed Combat
    15 | D        | Noticed a meat berserker
    15 | D        | Killed a bag of meat
    15 | D        | Reached *** piety under Makhleb
    15 | D        | Noticed a bag of meat
    16 | D        | Reached skill level 10 in Spellcasting
    16 | D        | Noticed a meat berserker
    16 | D        | Killed a bag of meat
    16 | D        | Killed a bag of meat
    16 | D        | Killed a meat berserker
    16 | D        | Reached **** piety under Makhleb
    17 | D        | Reached skill level 15 in Invocations
    17 | D        | Reached XP level 15. HP: 150/150 MP: 1/29
    18 | D        | Reached skill level 15 in Stealth
    18 | D        | Reached XP level 16. HP: 160/160 MP: 1/30
    18 | D        | Noticed a large bag of meat
    18 | D        | Reached ***** piety under Makhleb
    19 | D        | Killed a meat berserker
    21 | D        | Reached skill level 27 in Ranged Weapons
    21 | D        | Reached XP level 17. HP: 176/176 MP: 2/33
    21 | D        | Noticed a meat berserker
    23 | D        | Noticed a large bag of meat
    25 | D        | Killed a meat berserker
    25 | D        | Noticed a meat berserker
    26 | D        | Killed a large bag of meat
    26 | D        | Reached ****** piety under Makhleb
    26 | D        | Noticed a destroyer
    26 | D        | Noticed a meat berserker
    27 | D        | Noticed a destroyer
    27 | D        | Noticed an eight-headed meat hydra
    27 | D        | Noticed a meat berserker
    27 | D        | Noticed a large bag of meat
    28 | D        | Noticed a meat berserker
    30 | D        | Reached skill level 15 in Spellcasting
    30 | D        | Reached XP level 18. HP: 183/190 MP: 4/36
    30 | D        | Killed a meat berserker
    31 | D        | Noticed a meat berserker
    31 | D        | Noticed a large bag of meat
    31 | D        | Noticed a large bag of meat
    32 | D        | Killed a meat berserker
    32 | D        | Noticed The Servant
    33 | D        | Noticed a destroyer
    33 | D        | Killed a destroyer
    33 | D        | Killed a large bag of meat
    33 | D        | Killed a large bag of meat
    33 | D        | Killed a destroyer
    34 | D        | Reached skill level 27 in Fighting
    34 | D        | Reached skill level 27 in Axes
    34 | D        | Reached skill level 27 in Armour
    34 | D        | Reached skill level 27 in Dodging
    34 | D        | Reached skill level 27 in Unarmed Combat
    34 | D        | Reached XP level 19. HP: 108/207 MP: 5/41
    34 | D        | Killed a meat berserker
    35 | D        | Killed a meat berserker
    35 | D        | Killed a meat berserker
    36 | D        | Reached skill level 27 in Invocations
    36 | D        | Reached XP level 20. HP: 111/216 MP: 5/44
    37 | D        | Noticed a large bag of meat
    37 | D        | Noticed a meat berserker
    38 | D        | Noticed a large bag of meat
    39 | D        | Killed a large bag of meat
    40 | D        | Reached skill level 27 in Stealth
    40 | D        | Killed a nine-headed meat hydra
    40 | D        | Slain by The Servant

Illustrated notes

Levels and vault maps discovered:
D:        meatsprint

Skill      XL: |  1  2  3  4  5  6  7  8  9 10 11 12 13 14 15 16 17 18 19 20 |
---------------+-------------------------------------------------------------+-----
Fighting       | 11 12 14 15 18 19 21 24 27 | 27.0
Axes           | 11 12 14 15 18 19 21 24 27 | 27.0
Ranged Weapons | 15 16 18 19 23 24 27 | 27.0
Armour         | 11 12 14 15 18 19 21 24 27 | 27.0
Dodging        | 10 11 13 14 17 20 22 27 | 27.0
Stealth        | 9 11 12 14 15 17 19 24 26 27 | 27.0
Unarmed Combat | 10 11 13 14 17 19 22 27 | 27.0
Spellcasting   | 6 7 8 9 11 13 15 19 21 22 | 22.1
Invocations    | 9 10 12 13 15 16 18 20 25 27 | 27.0

Action                   |  1- 3 |  4- 6 |  7- 9 | 10-12 | 13-15 | 16-18 | 19-21 || total
-------------------------+-------+-------+-------+-------+-------+-------+-------++-------
Melee: Executioner's axe |     1 |       |       |     2 |     6 |    11 |     5 ||    25
  Use: Potion            |       |       |       |       |       |       |     1 ||     1
Dodge: Dodged            |     1 |       |       |       |       |     1 |       ||     2
